 Dungeon Crawl Stone Soup version 0.29-a0-468-ge57f7f99b4 (webtiles) character file.

Game seed: 8417565920923560437

745 dabmancer the Thaumaturge (level 7, -4/32 HPs)
             Began as a Spriggan Hedge Wizard on May 21, 2022.
             Shot with an arrow by a centaur (13 damage)
             ... on level 5 of the Dungeon.
             The game lasted 00:30:18 (7779 turns).

dabmancer the Thaumaturge (Spriggan Hedge Wizard)   Turns: 7779, Time: 00:30:19

Health: -4/32      AC:  3    Str:  6    XL:     7   Next: 47%
Magic:  14/19      EV: 17    Int: 17    God:
Gold:   247        SH:  0    Dex: 15    Spells: 13/22 levels left

rFire   + . .      SeeInvis +   i - staff of conjuration
rCold   . . .      Faith    .   (shield currently unavailable)
rNeg    . . .      Spirit   .   b - +0 robe
rPois   .          Reflect  .   (helmet restricted)
rElec   .          Harm     .   t - +0 cloak
rCorr   .          Rampage  .   (gloves unavailable)
Will    +....                   (boots unavailable)
Stlth   +++.......              m - amulet of regeneration
HPRegen 0.90/turn               k - ring of protection from fire
MPRegen 0.16/turn               (no ring)

@: very quick
A: very small, no large weapons, unfitting armour, see invisible, speed 3
a: no special abilities


You were on level 5 of the Dungeon.
You visited 1 branch of the dungeon, and saw 5 of its levels.

You collected 312 gold pieces.
You spent 65 gold pieces at shops.

Inventory:

Hand Weapons
 a - a +0 dagger
 n - a +3 spear
 o - a +2 spear of flaming
 s - a +4 quarterstaff of chaos
 u - a +4 whip of electrocution
 v - a +1 antimagic short sword
 E - a +2 long sword of electrocution
 K - a +0 vampiric whip
Missiles
 f - 170 stones
Armour
 b - a +0 robe (worn)
 c - a +0 hat
 l - a +0 robe
 t - a +0 cloak (worn)
 z - the +4 scale mail of Limitation {Rampage}
   (You found it on level 4 of the Dungeon)

   Rampage:   It bestows one free step when moving towards enemies.
Magical Staves
 i - a staff of conjuration (weapon)
 I - a staff of cold
Jewellery
 k - a ring of protection from fire (left hand)
 m - an amulet of regeneration (around neck)
 D - a ring of flight
Wands
 B - a wand of paralysis (3)
Scrolls
 h - 5 scrolls of teleportation {unknown}
 p - 2 scrolls of identify {unknown}
 q - a scroll of noise {unknown}
 w - 2 scrolls of blinking {unknown}
 y - a scroll of magic mapping {unknown}
 A - a scroll of enchant weapon {unknown}
 C - a scroll of immolation {unknown}
 G - a scroll of vulnerability {unknown}
 J - a scroll of amnesia {unknown}
Potions
 d - 2 potions of magic
 e - a potion of berserk rage {unknown}
 g - 2 potions of flight {unknown}
 j - 3 potions of resistance {unknown}
 r - a potion of invisibility {unknown}
 x - 4 potions of heal wounds
 F - a potion of curing {unknown}
 H - a potion of degeneration {unknown}


   Skills:
 + Level 2.8 Dodging
 + Level 3.9 Stealth
 + Level 8.2 Spellcasting
 + Level 4.0 Conjurations
 + Level 0.8 Hexes
 + Level 0.7 Summonings
 + Level 1.6 Translocations


You had 13 spell levels left.
You knew the following spells:

 Your Spells              Type           Power      Damage    Failure   Level
a - Magic Dart            Conj           100%       1d8       1%          1
b - Blink                 Tloc           24%        N/A       8%          2
c - Call Imp              Summ           9%         N/A       12%         2
d - Vampiric Draining     Necr           6%         2d6       30%         3
s - Slow                  Hex            36%        N/A       8%          1

Your spell library contained the following spells:

 Spells                   Type           Power      Damage    Failure   Level
 Foxfire                  Conj/Fire      80%        2x1d8     4%          1
 Conjure Flame            Conj/Fire      20%        6-21      13%         3
 Mephitic Cloud           Conj/Pois/Air  17%        N/A       19%         3
 Confusing Touch          Hex            9%         N/A       22%         3
 Inner Flame              Hex/Fire       8%         N/A       26%         3
 Flame Wave               Conj/Fire      20%        2d7       41%         4
 Passage of Golubria      Tloc           12%        N/A       45%         4
 Silence                  Hex/Air        4%         N/A       94%         5
 Lehudib's Crystal Spear  Conj/Erth      10%        10d4      100%        8


Dungeon Overview and Level Annotations

Branches:
Dungeon (5/15)
 Temple: D:4-7

Altars:
Makhleb

Shops:
D:4 *


Innate Abilities, Weirdness & Mutations

You are very small and have problems with some larger weapons.
You are too small for most types of armour.
You have supernaturally acute eyesight. (SInv)
You cover ground extremely quickly. (Speed+++)


Message History

You feel a surge of power!
The magic dart hits the hound.
The hound is moderately wounded.
Found a leather armour.
A centaur comes into view.
The hound pauses to sniff the ground.
You feel a surge of power!
The magic dart hits the hound.
The hound is heavily wounded.
You feel a surge of power!
The magic dart hits the hound.
The hound is almost dead.
You feel a surge of power!
The magic dart hits the hound.
You kill the hound!
You now have 247 gold pieces (gained 15).
h - 5 scrolls labelled QOGUCINERPHE (gained 1)
You feel a surge of power!
The magic dart hits the centaur.
The centaur is lightly wounded.
The centaur shouts!
The centaur wields a +0 shortbow.
The centaur shoots an arrow.
The arrow completely misses you.
You feel a surge of power!
The magic dart hits the centaur.
The centaur is moderately wounded.
The centaur shoots an arrow.
The arrow barely misses you.
The centaur shoots an arrow.
The arrow completely misses you.
You feel a surge of power!
The magic dart hits the centaur.
The centaur is moderately wounded.
The centaur shoots an arrow.
The arrow hits you!
You feel a surge of power!
The magic dart hits the centaur but does no damage.
The centaur is moderately wounded.
The centaur shoots an arrow.
The arrow hits you!
* * * LOW HITPOINT WARNING * * *
The centaur shoots an arrow.
The arrow hits you.
* * * LOW HITPOINT WARNING * * *
Casting: Magic Dart (safe; 1% risk of failure)
Confirm with . or Enter, or press ? or * to list all spells.
You blink.
You start resting.
A centaur is nearby!
You feel stable enough to blink again.
The centaur shoots an arrow.
The arrow hits you!
You die...

#.# #.# #..# #.# #.########
#..# #.# #........#######...
#.# ########........... ##.##
#............... ##...##
#.###..##.###... ##....<##
##.###..##.###...
#.......#####........^..##..#
#...........@.#.........##..#
#.......#####....#..#...##..#
##.....## ##.#.#..#...##..#
#....## #.#....#...##...
###.## #.#.##c.....##.# #..
..#.##......##.# #.##
####.##.......... #.#
#.##......##.# #.#
#.###.....##.#


You could see a centaur.

Vanquished Creatures
  2 ogres
  A scorpion (D:5)
  2 hounds
  A jelly (D:4)
  Crazy Yiuf (D:3)
  A gnoll shaman (D:4)
  An iguana (D:5)
  2 orc wizards
  Robin (D:3)
  8 gnolls
  8 adders
  2 worms (D:2)
  2 dart slugs
  11 orcs
  13 ball pythons
  11 endoplasms
  A giant cockroach (D:1)
  13 goblins
  15 hobgoblins
  6 jackals
  5 kobolds
  A quokka (D:4)
  3 bats
  4 frilled lizards
  7 rats
122 creatures vanquished.

Vanquished Creatures (others)
  4 fungi (D:2)
  2 plants (D:2)
6 creatures vanquished.

Grand Total: 128 creatures vanquished

Notes
Turn   | Place    | Note
-------+----------+-------------------------------------------
     0 | D:1      | dabmancer the Spriggan Hedge Wizard began the quest for the
                  | Orb.
     0 | D:1      | Reached XP level 1. HP: 9/9 MP: 6/6
   368 | D:1      | Reached XP level 2. HP: 13/13 MP: 4/8
   740 | D:1      | Reached skill level 1 in Conjurations
  1375 | D:1      | Reached XP level 3. HP: 8/16 MP: 5/10
  1848 | D:1      | Reached skill level 5 in Spellcasting
  1953 | D:2      | Found a faded altar of an unknown god.
  2454 | D:2      | Reached XP level 4. HP: 21/21 MP: 8/12
  2939 | D:2      | Learned a level 2 spell: Blink
  2942 | D:2      | Learned a level 2 spell: Call Imp
  2946 | D:2      | Learned a level 3 spell: Vampiric Draining
  2948 | D:2      | Learned a level 1 spell: Slow
  3688 | D:3      | Found a runed translucent door.
  3789 | D:3      | Noticed Crazy Yiuf
  3823 | D:3      | Killed Crazy Yiuf
  3824 | D:3      | Reached skill level 6 in Spellcasting
  3824 | D:3      | Reached XP level 5. HP: 24/24 MP: 6/14
  4578 | D:3      | Noticed Robin
  4616 | D:3      | Killed Robin
  5208 | D:3      | Reached XP level 6. HP: 28/28 MP: 12/16
  5645 | D:4      | Identified the +4 scale mail of Limitation {Rampage}
  5807 | D:4      | Found Vidwen's Gadget Gallery.
  5820 | D:4      | Bought a wand of paralysis (3) for 65 gold pieces
  5895 | D:4      | Reached skill level 7 in Spellcasting
  6804 | D:5      | Entered Level 5 of the Dungeon
  6877 | D:5      | Reached XP level 7. HP: 32/32 MP: 11/19
  7337 | D:5      | Found a burning altar of Makhleb.
  7568 | D:5      | Reached skill level 8 in Spellcasting
  7779 | D:5      | Shot with an arrow by a centaur

Illustrated notes

Levels and vault maps discovered:
D:1:      matt_arrival_los_fun, layout_basic
D:2:      layout_loops_cross, dreamdust_ecumenical_altar_grove
D:3:      minmay_chambers_of_twos, layout_loops_ring, uniq_robin,
          uniq_crazy_yiuf_cottage
D:4:      layout_basic, nicolae_shop_gadgets
D:5:      cheibrodos_barr_body, layout_loops_ring,
          nicolae_overflow_hidden_temple, bloody_makhleb, serial_shops,
          kennysheep_mini_moat

Skill      XL: |  1  2  3  4  5  6  7 |
---------------+----------------------+-----
Conjurations   | 1 2 3 4 |  4.0
Spellcasting   | 5 6 7 8 |  8.2
Dodging        | |  2.8
Stealth        | |  3.9
Hexes          | |  0.8
Summonings     | |  0.7
Translocations | |  1.6

Action                   |  1- 3 |  4- 6 |  7- 9 || total
-------------------------+-------+-------+-------++-------
Melee: Staff             |       |     1 |       ||     1
 Cast: Magic Dart        |   121 |   263 |    59 ||   443
       Slow              |       |     2 |     2 ||     4
       Blink             |       |       |     2 ||     2
Armor: Robe              |     2 |     3 |       ||     5
Dodge: Dodged            |    19 |    20 |     5 ||    44

Table legend: (Time is in decaauts)
 A = Elapsed time spent in this place.
 B = Non-inter-level travel time spent in this place.
 C = Inter-level travel time spent in this place.
 D = Time resting spent in this place.
 E = Time spent auto-exploring this place.
 F = Levels seen in this place.
 G = Mean time per level.
                   A        B        C        D        E       F      G
               +--------+--------+--------+--------+--------+-----+--------+
         Total |   6130 |   6027 |    103 |   1569 |   3104 |   5 | 1226.0 |
       Dungeon |   6130 |   6027 |    103 |   1569 |   3104 |   5 | 1226.0 |
               +--------+--------+--------+--------+--------+-----+--------+

Top non-repeatable levels by time:
     D:3: 1725 daAuts
     D:1: 1577 daAuts
     D:2: 1300 daAuts
     D:4: 1078 daAuts
     D:5: 449 daAuts
